 Dungeon Crawl Stone Soup version 0.28.0 (webtiles) character file.

Game seed: 16632689034669987125

1 Paintbrake the Conjurer (level 1, 0/14 HPs)
             Began as a Draconian Conjurer on Feb 13, 2022.
             Slain by a rat (2 damage)
             ... on level 1 of the Dungeon.
             The game lasted 00:02:19 (174 turns).

Paintbrake the Conjurer (Draconian Conjurer)         Turns: 174, Time: 00:02:20

Health: 0/14       AC:  4    Str:  9    XL:     1   Next: 16%
Magic:  3/3        EV: 12    Int: 18    God:
Gold:   0          SH:  0    Dex:  9    Spells: 3/4 levels left

rFire   . . .      SeeInvis .   (no weapon)
rCold   . . .      Faith    .   (no shield)
rNeg    . . .      Spirit   .   (armour unavailable)
rPois   .          Reflect  .   (helmet restricted)
rElec   .          Harm     .   (no cloak)
rCorr   .          Rampage  .   (no gloves)
Will    .....                   (no boots)
Stlth   ++........              (no amulet)
HPRegen 0.04/turn               (no ring)
MPRegen 0.08/turn               (no ring)

@: no status effects
A: AC +4, unfitting armour, cold-blooded
a: no special abilities


You were on level 1 of the Dungeon.
You visited 1 branch of the dungeon, and saw 1 of its levels.

Inventory:

Jewellery
 b - a +4 ring of evasion
Scrolls
 a - a scroll of brand weapon {unknown}


   Skills:
 + Level 1.7 Dodging
 + Level 1.7 Stealth
 + Level 2.0 Spellcasting
 + Level 4.0 Conjurations


You had 3 spell levels left.
You knew the following spells:

 Your Spells              Type           Power      Damage    Failure   Level
a - Magic Dart            Conj           64%        1d6       3%          1

Your spell library contained the following spells:

 Spells                   Type           Power      Damage    Failure   Level
 Searing Ray              Conj           32%        2d5       5%          2
 Dazzling Flash           Conj/Hex       18%        N/A       24%         3
 Fulminant Prism          Conj/Hex       4%         3d6       61%         4
 Iskenderun's Mystic Bla  Conj/Tloc      9%         2d4       61%         4


Dungeon Overview and Level Annotations

Branches:
Dungeon (1/15)

Altars:


Innate Abilities, Weirdness & Mutations

Your plain brown scales are hard. (AC +4)
You cannot fit into any form of body armour.
You are cold-blooded and may be slowed by cold attacks.


Message History

The hobgoblin is almost dead.
The hobgoblin closely misses you.
You hit the hobgoblin but do no damage.
Your tail-slap misses the hobgoblin.
The hobgoblin is almost dead.
The hobgoblin hits you.
* * * LOW HITPOINT WARNING * * *
You hit the hobgoblin but do no damage. You tail-slap the hobgoblin.
You kill the hobgoblin!
a - a scroll labelled KUOFE JYSYNN You open the door.
There is an open door here.
You open the door.
There is an open door here.
You open the door.
There is an open door here.
You open the door.
There is an open door here.
Found a notched steel ring.
Found a faded altar of an unknown god.
You open the door.
Found 19 stones.
There is an open door here.
Found a ring mail.
b - a +4 ring of evasion A hobgoblin comes into view.
You see here a +0 ring mail.
The hobgoblin shouts!
You see here a +0 ring mail.
There is an open door here.
The hobgoblin hits you.
* * * LOW HITPOINT WARNING * * *
You hit the hobgoblin but do no damage. The hobgoblin hits you.
* * * LOW HITPOINT WARNING * * *
You hit the hobgoblin but do no damage.
Your tail-slap misses the hobgoblin.
The hobgoblin completely misses you.
A rat comes into view.
The hobgoblin hits you but does no damage.
The rat twitches its whiskers.
The rat bites you.
You die...

.................#####.###..
.........................'..
###.....#...##...#....####..
#.....######'####.#.####..
#.................#....'..
####..............#.####..
#......(.......#.. ...#
#####rg.....##.#.# ...#
#.@.....##.#.##....
#.......##.#......#
#.......# ####.#.#
+........[# ..#.#
##.............# #..
#.............####..
#.............#.....
#.............#.###.
#..###+#......#.###.


You could see a hobgoblin and a rat.

Vanquished Creatures
  A hobgoblin (D:1)
1 creature vanquished.

Notes
Turn   | Place    | Note
-------+----------+-------------------------------------------
     0 | D:1      | Paintbrake the Draconian Conjurer began the quest for the
                  | Orb.
     0 | D:1      | Reached XP level 1. HP: 14/14 MP: 3/3
   123 | D:1      | Found a faded altar of an unknown god.
   174 | D:1      | Slain by a rat

Illustrated notes

Levels and vault maps discovered:
D:1:      dpeg_arrival_rhombi, layout_basic, dreamdust_ecumenical_altar_statues,
          corexii_leaking_fountain, kennysheep_small_spiral

Action                   || total
-------------------------++-------
Melee: Unarmed           ||    16
       Tailslap          ||     2
Armor: Skin              ||     4
Dodge: Dodged            ||     6
